 Dungeon Crawl Stone Soup version 0.19.0-1-g5985abe (webtiles) character file.

191 tyranidshit the Skirmisher (level 5, -4/46 HPs)
             Began as a Demonspawn Abyssal Knight on Nov 2, 2016.
             Was a Believer of Lugonu.
             Killed from afar by an orc wizard (6 damage)
             ... with a puff of flame
             ... on level 4 of the Dungeon.
             The game lasted 00:05:24 (1989 turns).

tyranidshit the Skirmisher (DsAK)                   Turns: 1989, Time: 00:05:26

Health: -4/46      AC:  7    Str: 10    XL:     5   Next: 42%
Magic:  6/6        EV:  8    Int: 13    God:    Lugonu [**....]
Gold:   232        SH:  5    Dex: 15    Spells: 0 memorised, 4 levels left

rFire  . . .     SeeInvis .     w - +0 broad axe
rCold  . . .     Gourm    .     m - +0 scale mail
rNeg   . . .     Faith    .     (no shield)
rPois  .         Spirit   .     (no helmet)
rElec  .         Reflect  +     (no cloak)
rCorr  .         Harm     .     d - +0 pair of gloves (curse)
MR     +....                    (no boots)
Stlth  ..........               u - +5 amulet of reflection
                                p - -3 ring of strength (curse)
                                h - -2 ring of intelligence (curse)

@: no status effects
A: talons 2, agile 1, clever 1, magic resistance 1, spiny 1, wild magic 1
a: Depart the Abyss, Bend Space, Renounce Religion


You were on level 4 of the Dungeon.
You worshipped Lugonu.
Lugonu was pleased with you.
You were not hungry.

You visited 1 branch of the dungeon, and saw 4 of its levels.
You visited the Abyss 1 time.

You collected 232 gold pieces.

Inventory:

Hand Weapons
 a - a +1 hand axe
 e - a +2 rapier of venom
 v - a +0 flail
 w - a +0 broad axe (weapon)
Armour
 b - a +0 leather armour
 d - a cursed +0 pair of gloves (worn)
 m - a +0 scale mail (worn)
 s - a +0 ring mail
Jewellery
 g - an uncursed ring of wizardry
 h - a cursed -2 ring of intelligence (left hand)
 i - a +6 ring of dexterity
 k - an uncursed ring of protection from fire
 o - an uncursed ring of protection from magic
 p - a cursed -3 ring of strength (right hand)
 u - a +5 amulet of reflection (around neck)
Wands
 n - a wand of confusion (48/48)
Scrolls
 f - 2 scrolls of teleportation
 q - a scroll of identify
 t - 2 scrolls of amnesia
Potions
 j - a potion of berserk rage
 l - 2 potions of curing
Comestibles
 c - 3 bread rations
 r - 2 meat rations


   Skills:
 + Level 6.2 Fighting
 - Level 1.7 Axes
 - Level 1.7 Armour
 - Level 0.8 Dodging
 - Level 2.4 Invocations


You had 4 spell levels left.
You didn't know any spells.

Dungeon Overview and Level Annotations

Branches:
Dungeon (4/15)
 Temple: D:4-7

Altars:


Innate Abilities, Weirdness & Mutations

You have razor-sharp toenails.
You are partially covered in sharp spines.
You are agile. (Dex +2)
Your mind is acute. (Int +2)
You are resistant to hostile enchantments. (MR+)
Your spells are a little harder to cast, but a little more powerful.


Message History

The orc shouts! x2
The orc hits you but does no damage.
You slash the ogre! You claw the ogre, but do no damage.
The ogre is moderately wounded.
You closely miss the orc. The ogre is struck by your spines.
The ogre hits you with a giant spiked club!!
Ouch! That really hurt!
You slash the ogre!
The ogre is almost dead.
You slash the orc!
You kill the orc!
Lugonu accepts your kill.
You hit the orc wizard.
The orc wizard gestures wildly while chanting.
The orc wizard seems to speed up.
The ogre is struck by your spines.
The ogre hits you with a giant spiked club!!
* * * LOW HITPOINT WARNING * * *
The orc wizard points at you and mumbles some strange words.
The puff of flame hits you!
You die...

######## #....# ..#
#......###....# ....
#...#..##...#.. #..#
#...##.....###. #...#
#...##.....# # ##....#
#..........#
#......###............
#.....o)#....##.......#
#.oO@...#####.......#
##.....## ##...##..
#.....# #...# ##
#.....?.# .........#
...........
.....##...... ....#
###....#


You could see an ogre, an orc wizard and an orc.

Vanquished Creatures
  Natasha (thrice) (D:2)
  2 gnolls (D:3)
  4 adders
  An ooze (D:2)
  A worm (D:3)
  3 dart slugs
  A leopard gecko (D:1)
  2 orcs
  A ball python (D:2)
  A giant cockroach (D:3)
  8 goblins
  4 hobgoblins
  2 quokkas (D:3)
  6 bats
  3 frilled lizards
  6 kobolds
  5 rats
53 creatures vanquished.

Notes
Turn   | Place    | Note
-------+----------+-------------------------------------------
     0 | Abyss:1  | tyranidshit the Demonspawn Abyssal Knight began the quest for the Orb.
     0 | Abyss:1  | Reached XP level 1. HP: 18/18 MP: 2/2
    36 | Abyss:1  | Noticed a large abomination
    81 | Abyss:3  | Noticed a queen bee
    81 | Abyss:3  | Noticed a killer bee
    81 | Abyss:3  | Noticed a wretched star
    81 | Abyss:3  | Noticed a meliai
    81 | Abyss:3  | Noticed a killer bee
    81 | Abyss:3  | Noticed a killer bee
    82 | D:1      | Escaped the Abyss
   199 | D:1      | Reached * piety under Lugonu
   299 | D:1      | Gained mutation: You are partially covered in sharp spines. [demonic ancestry]
   299 | D:1      | Reached XP level 2. HP: 24/24 MP: 3/3
   750 | D:2      | Noticed Natasha
   756 | D:2      | Killed Natasha
   756 | D:2      | Reached skill level 4 in Fighting
   756 | D:2      | Gained mutation: You have sharp toenails. [demonic ancestry]
   756 | D:2      | Reached XP level 3. HP: 15/31 MP: 4/4
   812 | D:2      | You fall through a shaft!
   860 | D:2      | Gained mutation: Your spells are a little harder to cast, but a little more powerful. [potion of mutation]
   860 | D:2      | Gained mutation: You are resistant to hostile enchantments. (MR+) [potion of mutation]
   860 | D:2      | Gained mutation: Your mind is acute. (Int +2) [potion of mutation]
  1095 | D:2      | Noticed Natasha
  1100 | D:2      | Killed Natasha
  1100 | D:2      | Reached skill level 5 in Fighting
  1100 | D:2      | Reached XP level 4. HP: 36/39 MP: 5/5
  1226 | D:2      | Noticed Natasha
  1231 | D:2      | Killed Natasha
  1247 | D:2      | Gained mutation: You are agile. (Dex +2) [potion of beneficial mutation]
  1373 | D:3      | Gained mutation: You have razor-sharp toenails. [demonic ancestry]
  1373 | D:3      | Reached XP level 5. HP: 45/46 MP: 6/6
  1504 | D:3      | Reached ** piety under Lugonu
  1511 | D:3      | Reached skill level 6 in Fighting
  1986 | D:4      | Noticed an ogre
  1989 | D:4      | HP: 2/46 [ogre/giant spiked club (19)]
  1989 | D:4      | Killed from afar by an orc wizard

Skill      XL: |  1  2  3  4  5 |
---------------+----------------+-----
Fighting       | 4 5 6 |  6.2
Axes           | |  1.7
Armour         | |  1.7
Dodging        | |  0.8
Invocations    | |  2.4

Action                   |  1- 3 |  4- 6 || total
-------------------------+-------+-------++-------
Melee: Rapier            |    48 |    44 ||    92
       Kick              |     5 |    17 ||    22
       Broad axe         |       |     3 ||     3
Invok: Depart the Abyss  |     1 |       ||     1
  Use: Scroll            |     6 |     2 ||     8
       Potion            |     4 |     1 ||     5
 Stab: Sleeping          |     1 |       ||     1
  Eat: Bread ration      |       |     1 ||     1
Armor: Leather armour    |     6 |       ||     6
       Skin              |     6 |       ||     6
       Ring mail         |     4 |       ||     4
       Scale mail        |     2 |    11 ||    13
Dodge: Dodged            |    26 |    17 ||    43
Block: Other             |       |     2 ||     2
